 Dungeon Crawl Stone Soup version 0.32-a0-411-g744942f433 (webtiles) character file.

Game seed: 715895133912696341

77 greenreed the Trooper (level 4, -5/37 HPs)
             Began as a Coglin Berserker on Feb 20, 2024.
             Was a Follower of Trog.
             Slain by a ribbon worm (6 damage)
             ... on level 2 of the Dungeon.
             The game lasted 00:02:25 (1352 turns).

greenreed the Trooper (Coglin Berserker)            Turns: 1352, Time: 00:02:26

Health: -5/37      AC:  2    Str: 19    XL:     4   Next: 34%
Magic:  4/4        EV: 12    Int:  7    God:    Trog [*.....]
Gold:   39         SH:  0    Dex: 13    Spells: 3/3 levels left

rFire   . . .        a - +0 spear {Esteban}
rCold   . . .        (no shield)
rNeg    . . .        b - +0 animal skin
rPois   .            (no helmet)
rElec   .            (no cloak)
rCorr   .            (no gloves)
SInv    .            (no boots)
Will    .....        (no amulet)
Stlth   +            (no ring)
HPRegen 0.26/turn    (no ring)
MPRegen 0.09/turn

%: no passive effects
@: on berserk cooldown, immotile, slowed, revved, very slow
A: off-hand wielding, slow wielding, warmup strikes, legs shutdown
a: Renounce Religion, Berserk


You were on level 2 of the Dungeon.
You worshipped Trog.
Trog was aware of your devotion.
You visited 1 branch of the dungeon, and saw 2 of its levels.

You collected 39 gold pieces.

Inventory:

Hand Weapons
 a - a +0 spear (weapon) {Esteban}
Armour
 b - a +0 animal skin (worn)
Scrolls
 c - a scroll of poison {unknown}


   Skills:
 * Level 3.8 Fighting
 * Level 3.4 Polearms
 + Level 2.2 Armour
 + Level 2.2 Dodging


You had 3 spell levels left.
You didn't know any spells.
Your spell library was empty.

Dungeon Overview and Level Annotations

Branches:
Dungeon (2/15)

Altars:


Innate Abilities, Weirdness & Mutations

You can wield a second weapon in your off-hand.
It takes a long time for you to wield or remove held weapons.
Your first few attacks do less damage.
Attacking and casting redirects power from your legs.


Message History

The web tears apart.
You are no longer berserk.
You are exhausted.
You feel yourself slow down.
You are no longer unable to travel.
The ribbon worm bites you!
* * * LOW HITPOINT WARNING * * *
You hit the ribbon worm.
The ribbon worm is severely wounded.
The ribbon worm bites you but does no damage.
You hit the ribbon worm.
The ribbon worm is almost dead.
The ribbon worm bites you.
* * * LOW HITPOINT WARNING * * *
You barely miss the ribbon worm.
The ribbon worm is severely wounded.
The ribbon worm expels a string of sticky webbing.
The stream of webbing hits you but does no damage.
You are caught in a web!
Unknown command.
It was a potion of curing.
You feel better.
You are no longer unable to travel.
The ribbon worm bites you.
* * * LOW HITPOINT WARNING * * *
You struggle to detach yourself from the web.
The ribbon worm expels a string of sticky webbing.
The stream of webbing hits you but does no damage.
You are even more entangled.
The web tears apart.
The ribbon worm expels a string of sticky webbing.
The stream of webbing hits you but does no damage.
You are caught in a web!
The web tears apart.
The ribbon worm bites you.
* * * LOW HITPOINT WARNING * * *
The ribbon worm bites you.
* * * LOW HITPOINT WARNING * * *
You hit the ribbon worm.
The ribbon worm is heavily wounded.
The ribbon worm bites you.
You die...

#........# #......#
#........##.. ....# ..
#........#.. #.<.# ....
.......#.#.####...##.#..
#...##.#..........#....
#. #...####....!.## #
#.##..............#.
#.#...................
#.........###.@w......
#.##)....## #.........
#......### #......#.#
#...####.### #.........
#... #...####......#.#
#..# #.#...##.........
#..# #.###.##.........
#..#####......#.........
#.##......†.........


You could see a ribbon worm (catching breath).

Vanquished Creatures
  3 adders (D:2)
  A ribbon worm (D:2)
  A dart slug (D:2)
  2 endoplasms (D:2)
  2 giant cockroaches
  4 goblins
  A hobgoblin (D:1)
  2 quokkas (D:1)
  A ball python (D:2)
  2 bats (D:1)
  3 frilled lizards (D:2)
  4 kobolds (D:1)
  2 rats
28 creatures vanquished.

Notes
Turn   | Place    | Note
-------+----------+-------------------------------------------
     0 | D:1      | greenreed the Coglin Berserker began the quest for the Orb.
     0 | D:1      | Reached XP level 1. HP: 18/18 MP: 1/1
   431 | D:1      | Reached XP level 2. HP: 24/24 MP: 2/2
   468 | D:1      | Found a faded altar of an unknown god.
   806 | D:1      | Reached XP level 3. HP: 29/29 MP: 3/3
  1061 | D:2      | Reached XP level 4. HP: 22/37 MP: 4/4
  1346 | D:2      | HP: 1/37 [ribbon worm (5)]
  1351 | D:2      | HP: 1/37 [ribbon worm (5)]
  1352 | D:2      | Slain by a ribbon worm

Illustrated notes

Levels and vault maps discovered:
D:1:      lemuel_arrival_broad_hall, layout_basic,
          shapermc_ecumenical_altar_venn
D:2:      layout_rooms, serial_glass, glass_columns_a, glass_columns_a

Skill      XL: |  1  2 |
---------------+-------+-----
Polearms       | 3 |  3.4
Dodging        | 2 |  2.2
Armour         | 2 |  2.2
Fighting       | |  3.8

Action                     |  1- 3 |  4- 6 || total
---------------------------+-------+-------++-------
  Melee: Spear             |    99 |    54 ||   153
 Invoke: Berserk           |     3 |     1 ||     4
    Use: Potion            |       |     1 ||     1
 Armour: Animal skin       |    44 |    34 ||    78
  Dodge: Dodged            |    51 |    22 ||    73

Table legend: (Time is in decaauts)
 A = Elapsed time spent in this place.
 B = Non-inter-level travel time spent in this place.
 C = Inter-level travel time spent in this place.
 D = Time resting spent in this place.
 E = Time spent auto-exploring this place.
 F = Levels seen in this place.
 G = Mean time per level.
                   A        B        C        D        E       F      G
               +--------+--------+--------+--------+--------+-----+--------+
         Total |   1372 |   1348 |     24 |     73 |   1035 |   2 |  686.0 |
       Dungeon |   1372 |   1348 |     24 |     73 |   1035 |   2 |  686.0 |
               +--------+--------+--------+--------+--------+-----+--------+

Top non-repeatable levels by time:
     D:1: 876 daAuts
     D:2: 495 daAuts
